 Dungeon Crawl Stone Soup version 0.30.1-11-g7821555f0a (webtiles) character file.

Game seed: 3639017488833034372

582 Gustavus68 the Covered (level 7, 0/61 HPs)
             Began as a Minotaur Fighter on Nov 28, 2023.
             Was an Initiate of Yredelemnul.
             Slain by a +4 glaive of freezing (16 damage)
             ... created by the rancor of the Wu Jian Council
             ... on level 4 of the Dungeon.
             The game lasted 00:20:41 (2002 turns).

Gustavus68 the Covered (Minotaur Fighter)           Turns: 2002, Time: 00:20:42

Health: 0/61       AC:  0    Str: 22    XL:     7   Next: 14%
Magic:  6/6        EV: 10    Int:  5    God:    Yredelemnul [......]
Gold:   79         SH:  0    Dex: 10    Spells: 6/6 levels left

rFire   . . .        n - +4 hand axe (venom)
rCold   . . .        c - +0 buckler
rNeg    . . .        b - +0 scale mail
rPois   .            (helmet restricted)
rElec   .            (no cloak)
rCorr   .            (no gloves)
SInv    .            (no boots)
Will    .....        g - amulet of reflection Stlth
                     (no ring)
HPRegen 0.30/turn    (no ring)
MPRegen 0.10/turn

%: reflection
@: confused, corroded
A: horns 2, retaliatory headbutt
a: Renounce Religion, Recall Undead Harvest


You were on level 4 of the Dungeon.
You worshipped Yredelemnul.
Yredelemnul was noncommittal.
You visited 1 branch of the dungeon, and saw 4 of its levels.

You collected 109 gold pieces.
You spent 30 gold pieces at shops.

Inventory:

Hand Weapons
 a - a +0 war axe
 i - a +3 quarterstaff
 k - a +2 mace of holy wrath
 n - a +4 hand axe of venom (weapon)
Armour
 b - a +0 scale mail (worn)
 c - a +0 buckler (worn)
Jewellery
 g - an amulet of reflection (around neck)
Wands
 p - a wand of flame (18)
Scrolls
 e - 2 scrolls of teleportation {unknown}
 h - 3 scrolls of noise {unknown}
 j - 4 scrolls of identify {unknown}
 l - a scroll of brand weapon {unknown}
 o - a scroll of enchant armour {unknown}
 q - a scroll of poison {unknown}
 r - a scroll of enchant weapon {unknown}
Potions
 d - a potion of attraction {unknown}
 f - 2 potions of curing
 m - a potion of cancellation {unknown}
 s - a potion of lignification {unknown}


   Skills:
 + Level 5.2 Fighting
 + Level 4.9(5.0) Axes
 + Level 1.4(4.1) Maces & Flails
 + Level 3.2(3.4) Staves
 + Level 5.8 Armour
 + Level 1.4 Dodging
 + Level 0.6 Stealth
 + Level 4.5 Shields


You had 6 spell levels left.
You didn't know any spells.
Your spell library contained the following spells:

 Spells                   Type           Power      Damage    Failure   Level
 Apportation              Tloc           0%         N/A       85%         1
 Necrotise                Necr           0%         1d4       85%         1
 Summon Small Mammal      Summ           0%         N/A       85%         1
 Manifold Assault         Tloc           0%         N/A       100%        4
 Dispersal                Tloc           0%         N/A       100%        6
 Disjunction              Tloc           0%         N/A       100%        8


Dungeon Overview and Level Annotations

Branches:
Dungeon (4/15)
 Temple: D:4-7

Altars:
Gozag
Wu Jian
Yredelemnul

Shops:
D:3 !   D:4 *


Innate Abilities, Weirdness & Mutations

You have a pair of horns on your head.
You reflexively headbutt those who attack you in melee.


Message History

Are you sure you want to stumble around while confused and next to your quokka zombie? [Y]es or [N]o only, please.
Are you sure you want to stumble around while confused and next to your quokka zombie? [Y]es or [N]o only, please.
Are you sure you want to stumble around while confused and next to your quokka zombie? [Y]es or [N]o only, please.
Are you sure you want to stumble around while confused and next to your quokka zombie? [Y]es or [N]o only, please.
Are you sure you want to stumble around while confused and next to your quokka zombie? [Y]es or [N]o only, please.
Are you sure you want to stumble around while confused and next to your quokka zombie? [Y]es or [N]o only, please.
Are you sure you want to stumble around while confused and next to your quokka zombie? [Y]es or [N]o only, please.
Are you sure you want to stumble around while confused and next to your quokka zombie? [Y]es or [N]o only, please.
Are you sure you want to stumble around while confused and next to your quokka zombie? [Y]es or [N]o only, please.
Are you sure you want to stumble around while confused and next to your quokka zombie? [Y]es or [N]o only, please.
Are you sure you want to stumble around while confused and next to your quokka zombie? [Y]es or [N]o only, please.
Are you sure you want to stumble around while confused and next to your quokka zombie?
You closely miss the +2 heavy great sword.
The +2 heavy great sword is moderately damaged.
You hit the +3 heavy broad axe but do no damage.
You hit the +1 broad axe of electrocution.
You hit the +4 glaive of freezing.
You miss the +2 dire flail of electrocution.
Your goblin zombie hits the +2 heavy great sword but does no damage.
The +2 dire flail of electrocution hits you!
The +1 broad axe of electrocution hits you!
* * * LOW HITPOINT WARNING * * *
The +1 broad axe of electrocution hits your quokka zombie.
Lightning courses through your quokka zombie!!
Your quokka zombie is destroyed!
The +3 heavy broad axe barely misses you.
The +4 glaive of freezing hits you!
You die...
Your body rises from the dead as a mindless zombie.

####### ######
##.....##.....##
##..............# ##
#................ .##
#................ ..##
#................ ...#
#......(((....... ...#
####.$...Z)@(.......
...###......)...(........
.......###...............
...##### ##......#.......
...# #####..####.... ##..
..... .... ###. .#####.
... .. .. ..


You could see 5 dancing weapons and a friendly goblin zombie.

Vanquished Creatures
  Sigmund (D:2)
  A black bear (D:4)
  An ogre (D:4)
  A kobold brigand (D:4)
  A sleepcap (D:4)
  Terence (D:3)
  A hound zombie (D:4)
  3 adders
  An adder zombie (D:4)
  2 worms
  5 dart slugs
  5 orcs (D:3)
  8 ball pythons
  3 bats
  5 endoplasms
  3 giant cockroaches
  2 goblins (D:1)
  5 hobgoblins
  5 jackals
  3 quokkas
  4 frilled lizards
  7 kobolds
  3 rats (D:1)
71 creatures vanquished.

Vanquished Creatures (collateral kills)
  A goblin (D:4)
1 creature vanquished.

Vanquished Creatures (others)
  A quokka zombie (D:4)
1 creature vanquished.

Grand Total: 73 creatures vanquished

Notes
Turn   | Place    | Note
-------+----------+-------------------------------------------
     0 | D:1      | Gustavus68 the Minotaur Fighter began the quest for the
                  | Orb.
     0 | D:1      | Reached XP level 1. HP: 19/19 MP: 0/0
    82 | D:1      | Reached XP level 2. HP: 27/27 MP: 1/1
   170 | D:2      | Reached XP level 3. HP: 21/33 MP: 2/2
   547 | D:1      | Found a faded altar of an unknown god.
   553 | D:1      | Prayed at the altar of an unknown god.
   553 | D:1      | Became a worshipper of the Wu Jian Council
   553 | D:1      | Reached * piety under Wu Jian
   820 | D:3      | Found an opulent altar of Gozag.
   830 | D:3      | Found Citwegh's Distillery.
   863 | D:3      | Bought a potion of curing for 30 gold pieces
  1085 | D:2      | Noticed Sigmund
  1091 | D:2      | Killed Sigmund
  1092 | D:2      | Reached XP level 4. HP: 28/41 MP: 3/3
  1092 | D:2      | Reached XP level 5. HP: 32/47 MP: 4/4
  1342 | D:3      | Reached skill level 5 in Armour
  1426 | D:3      | Noticed Terence
  1431 | D:3      | Killed Terence
  1432 | D:3      | Reached skill level 1 in Maces & Flails
  1432 | D:3      | Reached skill level 1 in Dodging
  1432 | D:3      | Reached XP level 6. HP: 55/55 MP: 5/5
  1495 | D:4      | Reached skill level 5 in Fighting
  1646 | D:4      | Found Pocseti's Gadget Gallery.
  1852 | D:4      | Reached XP level 7. HP: 51/61 MP: 6/6
  1852 | D:4      | Reached ** piety under Wu Jian
  1883 | D:4      | Found a basalt altar of Yredelemnul.
  1893 | D:4      | Fell from the grace of Wu Jian
  1893 | D:4      | Became a worshipper of Yredelemnul the Dark
  1999 | D:4      | Noticed a +2 heavy great sword
  1999 | D:4      | Noticed a +2 dire flail of electrocution
  1999 | D:4      | Noticed a +1 broad axe of electrocution
  1999 | D:4      | Noticed a +3 heavy broad axe
  1999 | D:4      | Noticed a +4 glaive of freezing
  2002 | D:4      | Slain by a +4 glaive of freezing

Illustrated notes

Levels and vault maps discovered:
D:1:      dpeg_arrival_signposts, layout_basic,
          shapermc_ecumenical_altar_mp_vishouse
D:2:      layout_rooms, basic_altar, minmay_vboxes, uniq_sigmund,
          uniq_crazy_yiuf_cottage
D:3:      layout_loops_ring, overflow_temple_1_default, serial_shops, shop,
          chequers_mini_garden, uniq_terence
D:4:      layout_rooms, lemuel_zombie_altar_yredelemnul,
          amcnicky_mini_pool_small, nicolae_shop_gadgets

Skill      XL: |  1  2  3  4  5  6 |
---------------+-------------------+-----
Fighting       | 4 5 |  5.2
Shields        | 4 |  4.5
Armour         | 4 5 |  5.8
Axes           | 4 |  4.9
Staves         | 2 3 |  3.2
Maces & Flails | 1 |  1.4
Dodging        | 1 |  1.4
Stealth        | |  0.6

Action                     |  1- 3 |  4- 6 |  7- 9 || total
---------------------------+-------+-------+-------++-------
  Melee: War axe           |    30 |       |       ||    30
         Headbutt          |     8 |    10 |     1 ||    19
         Quarterstaff      |    18 |       |       ||    18
         Mace              |    10 |       |       ||    10
         Hand axe          |     8 |    53 |    10 ||    71
Ability: Whirlwind         |     7 |    16 |       ||    23
         Lunge             |     4 |     5 |     2 ||    11
    Use: Potion            |     1 |     1 |       ||     2
 Armour: Scale mail        |    37 |    16 |     5 ||    58
  Dodge: Dodged            |    36 |    18 |     6 ||    60
  Block: Buckler           |    14 |    10 |     6 ||    30
         Other             |     1 |       |       ||     1
         Reflection        |       |       |     2 ||     2
